AoeStats
← villersb

Arabia

507545458Analyzed
2v2 RM · 14d ago on Sep 18, 2026· 20m 41s· 4 players
Game mode
Random Map
Map size
Medium (4 player)
Population
200
Speed
Normal
Resources
Standard
Victory
Conquest
Starting age
Dark Age
Ending age
Imperial Age
RankedLock teamsTeams togetherTeam positionsShared explorationLock speedFull tech treeHidden civsTurbo modeCheats
Victory
Defeat
🇲🇽 Japanese · Mexico
1508
+16
🇺🇸 Maya · United States
1414
+20
🇺🇸 Maya · United States
1504
-18
🇺🇸 Romans · United States
1503
-18
操你那婊子媽
4:44 Loom
9:25 Feudal Age
9:47 Man-at-Arms
17:50 Scale Mail Armor
19:28 Forging
21:05 Double-Bit Axe
dl_cucga
0:27 Loom
8:51 Feudal Age
8:53 Man-at-Arms
14:34 Double-Bit Axe
14:35 Horse Collar
16:42 Fletching
17:26 Padded Archer Armor
22:36 Castle Age
20:57 Gold Mining
villersb
0:25 Loom
9:11 Feudal Age
16:35 Fletching
20:07 Double-Bit Axe
flem
7:26 Loom
9:53 Feudal Age
11:32 Double-Bit Axe
Connection lost

Rejoining the realm…

Still unreachable

The connection could not be restored.

Session expired

The server has moved on; the page needs a fresh start.